[Event "ICC tourney 2161 (75 10)"]
[Site "Internet Chess Club"]
[Date "2020.11.29"]
[Round "9"]
[White "MathMonkey"]
[Black "michaelpang"]
[Result "0-1"]
[ICCResult "White checkmated"]
[WhiteElo "1147"]
[BlackElo "1574"]
[Opening "Sicilian: Scheveningen (Paulsen), classical variation"]
[ECO "B84"]
[NIC "SI.23"]
[Time "18:35:44"]
[PlyCount "124"]
[TimeControl "4500+10"]


1. e4 c5 2. Nf3 d6 3. d4 cxd4 4. Nxd4 Nf6 5. Nc3 a6 6. Be2 e6 7. O-O Be7 8.
Be3 O-O 9. Qd2 Qc7 10. f4 b5 11. Nf3 Rd8 12. Qe1 Bb7 13. Nd2 Nbd7 14. f5
Nc5 15. fxe6 fxe6 16. Bd3 d5 17. exd5 exd5 18. Bf4 Bd6 19. Bxd6 Qxd6 20.
Qh4 Nxd3 21. cxd3 Re8 22. Rae1 Qd7 23. Nf3 Rxe1 24. Rxe1 Re8 25. d4 b4 26.
Ne5 Qc7 27. Na4 Ne4 28. Qf4 Rf8 29. Qg4 Bc8 30. Qh5 Qc2 31. Nd3 Bf5 32. Qd1
Qc4 33. Nc1 Bg6 34. Qd3 Qc6 35. b3 Nf2 36. Qe2 Be4 37. Rf1 Rf6 38. Rxf2
Qxc1+ 39. Rf1 Rxf1+ 40. Qxf1 Qd2 41. Qf2 Qd1+ 42. Qf1 Qxd4+ 43. Kh1 Qe3 44.
h3 Qxh3+ 45. Kg1 Qe3+ 46. Qf2 Qg5 47. Nb6 d4 48. Qf1 d3 49. Na4 Qe3+ 50.
Kh2 Qe2 51. Kg1 Qe3+ 52. Kh2 a5 53. Kh1 h6 54. Nb2 d2 55. Nd1 Qe1 56. Kg1
Bd3 57. Qxe1 dxe1=Q+ 58. Kh2 Qxd1 59. Kg3 Qe1+ 60. Kf4 g5+ 61. Kg4 Qh4+ 62.
Kf3 Qf4# { White checkmated } 0-1

[Event "ICC tourney 2161 (75 10)"]
[Site "Internet Chess Club"]
[Date "2020.11.29"]
[Round "9"]
[White "smartgoldfish"]
[Black "cdj12417489"]
[Result "1-0"]
[ICCResult "Black forfeits on time"]
[WhiteElo "1202"]
[BlackElo "1259"]
[Opening "Scandinavian (center counter) defense"]
[ECO "B01"]
[NIC "VO.17"]
[Time "18:36:25"]
[PlyCount "103"]
[TimeControl "4500+10"]


1. e4 d5 2. exd5 e6 3. dxe6 Bxe6 4. Nf3 Nf6 5. Be2 Nc6 6. O-O Bc5 7. c3 Bb6
8. d4 Qd7 9. Bb5 Qd6 10. Ne5 O-O 11. Bxc6 bxc6 12. Nd2 c5 13. Ndf3 cxd4 14.
cxd4 c5 15. Bg5 Ne4 16. Bf4 Qd5 17. Be3 Rad8 18. Qe2 cxd4 19. Bxd4 Bxd4 20.
Nxd4 Qxe5 21. Nc6 Rd2 22. Qxd2 Nxd2 23. Nxe5 Nxf1 24. Kxf1 Rc8 25. a3 Bb3
26. Rb1 Rc2 27. Ke1 a5 28. Rd1 g6 29. Nd3 Rc7 30. Rc1 Rxc1+ 31. Nxc1 Be6
32. Kd2 Kf8 33. Kc3 Ke7 34. Nb3 a4 35. Nc5 Bd5 36. g3 Bc6 37. Kb4 Kd6 38.
Nxa4 g5 39. Nc3 g4 40. Nb5+ Ke5 41. a4 Ke4 42. a5 Kf3 43. Nd4+ Kxf2 44.
Nxc6 Kg2 45. a6 Kxh2 46. a7 Kxg3 47. a8=Q h5 48. Qa3+ Kh2 49. Qe3 g3 50.
Nd4 h4 51. Nf3+ Kg2 52. Nxh4+ { Black forfeits on time } 1-0

[Event "ICC tourney 2161 (75 10)"]
[Site "Internet Chess Club"]
[Date "2020.11.29"]
[Round "9"]
[White "ParthP2003"]
[Black "Maanast"]
[Result "1/2-1/2"]
[ICCResult "Game drawn by mutual agreement"]
[WhiteElo "1708"]
[BlackElo "1543"]
[Opening "French: exchange variation"]
[ECO "C01"]
[NIC "FR.01"]
[Time "18:35:58"]
[PlyCount "94"]
[TimeControl "4500+10"]


1. e4 e6 2. d4 d5 3. exd5 exd5 4. Bd3 Nf6 5. Ne2 Bd6 6. O-O O-O 7. h3 c5 8.
dxc5 Bxc5 9. Bf4 Nc6 10. c3 Re8 11. Nd2 Qb6 12. Nb3 Ne4 13. Nxc5 Nxc5 14.
Be3 Ne5 15. Bc2 Nc4 16. Bxc5 Qxc5 17. Qd3 g6 18. b4 Qc6 19. Nd4 Qf6 20. Bb3
Be6 21. Nxe6 fxe6 22. Bxc4 dxc4 23. Qxc4 Rac8 24. Qb5 Re7 25. Rac1 Rxc3 26.
Rxc3 Qxc3 27. Qc5 Qxc5 28. bxc5 Rc7 29. Re1 Kf7 30. Rb1 Kf6 31. Rb5 Ke7 32.
Rb1 Kd7 33. Rd1+ Kc6 34. Rd6+ Kxc5 35. Rxe6 Rd7 36. Re2 Kb4 37. g4 b5 38.
Kg2 Kc3 39. f4 Kd3 40. Rf2 b4 41. f5 gxf5 42. gxf5 Ke4 43. f6 Rf7 44. Kg3
Ke5 45. Rf4 Rxf6 46. Rxb4 Ra6 47. Rb2 Kf5 { Game drawn by mutual agreement
} 1/2-1/2

[Event "ICC tourney 2161 (75 10)"]
[Site "Internet Chess Club"]
[Date "2020.11.29"]
[Round "9"]
[White "APBrain"]
[Black "Han366"]
[Result "1/2-1/2"]
[ICCResult "Game drawn by mutual agreement"]
[WhiteElo "1594"]
[BlackElo "1700"]
[Opening "King's Indian: orthodox, 7...Nbd7"]
[ECO "E94"]
[NIC "KI.12"]
[Time "18:35:39"]
[PlyCount "75"]
[TimeControl "4500+10"]


1. d4 Nf6 2. c4 g6 3. Nc3 Bg7 4. e4 d6 5. Be2 Nbd7 6. Nf3 O-O 7. O-O e5 8.
d5 a5 9. h3 Nc5 10. Bd3 Ne8 11. Bg5 f6 12. Be3 b6 13. Nh2 f5 14. f3 f4 15.
Bf2 h5 16. Be2 Bf6 17. a3 Bh4 18. Qe1 Bxf2+ 19. Qxf2 Nb3 20. Rad1 Qf6 21.
Bd3 Bd7 22. Bc2 Nd4 23. Ba4 Bxa4 24. Nxa4 Kf7 25. Nc3 Rg8 26. Nb5 Nb3 27.
Nxc7 Nxc7 28. Qxb6 Rab8 29. Qxc7+ Qe7 30. Qxe7+ Kxe7 31. Rf2 Rgc8 32. Nf1
Rxc4 33. Nd2 Rd4 34. Kf1 Rd3 35. Ke1 Re3+ 36. Kf1 Rd3 37. Ke1 Re3+ 38. Kf1
{ Game drawn by mutual agreement } 1/2-1/2

[Event "ICC tourney 2161 (75 10)"]
[Site "Internet Chess Club"]
[Date "2020.11.29"]
[Round "9"]
[White "Yamato1945"]
[Black "kevin2010"]
[Result "1-0"]
[ICCResult "Black resigns"]
[WhiteElo "1434"]
[BlackElo "1154"]
[Opening "Mieses opening"]
[ECO "A00"]
[NIC "VO.13"]
[Time "18:35:51"]
[PlyCount "75"]
[TimeControl "4500+10"]


1. d3 e5 2. Nf3 Nc6 3. Bg5 Nf6 4. c3 Be7 5. d4 d6 6. e3 O-O 7. Be2 Bf5 8.
Nh4 Be6 9. Nf3 e4 10. Nfd2 d5 11. c4 Qd7 12. Nc3 Rfe8 13. a3 Rad8 14. b4 a6
15. Qb3 h6 16. Bxf6 Bxf6 17. cxd5 Bxd5 18. Nxd5 Qxd5 19. Bc4 Qd7 20. Qc2 b5
21. Bb3 Qg4 22. Qxc6 Qxg2 23. Rf1 Bh4 24. Qxc7 Rf8 25. Qf4 Bg5 26. Qxe4 Qh3
27. Bc2 g6 28. Bb3 Rd6 29. Qe5 Rf6 30. Ne4 Rf5 31. Qg3 Qxg3 32. hxg3 Kg7
33. f4 Be7 34. g4 Bh4+ 35. Ke2 Rf6 36. Nxf6 Bxf6 37. Rad1 Re8 38. d5 {
Black resigns } 1-0

[Event "ICC tourney 2161 (75 10)"]
[Site "Internet Chess Club"]
[Date "2020.11.29"]
[Round "9"]
[White "Supersky"]
[Black "sophiaz7"]
[Result "1/2-1/2"]
[ICCResult "Game drawn because neither player has mating material"]
[WhiteElo "1312"]
[BlackElo "1462"]
[Opening "Queen's pawn game"]
[ECO "D04"]
[NIC "QP.08"]
[Time "18:35:36"]
[PlyCount "155"]
[TimeControl "4500+10"]


1. d4 d5 2. Nf3 Nf6 3. e3 Bf5 4. b3 Nbd7 5. c4 c6 6. Bd3 Bxd3 7. Qxd3 e6 8.
O-O Be7 9. Nbd2 O-O 10. Bb2 Re8 11. e4 dxe4 12. Nxe4 Nxe4 13. Qxe4 Nf6 14.
Qe2 c5 15. Rad1 cxd4 16. Rxd4 Qc7 17. Qe5 Qxe5 18. Nxe5 Bc5 19. Rd3 Red8
20. Rfd1 Rxd3 21. Rxd3 h6 22. Kf1 Bb6 23. Nf3 Ne4 24. Bd4 Bxd4 25. Rxd4 Nf6
26. c5 Rc8 27. b4 Kf8 28. Ne5 Ke8 29. a4 a5 30. Nc4 Ra8 31. Nxa5 Nd5 32.
Nxb7 Rxa4 33. c6 Rxb4 34. Nd6+ Kd8 35. Nxf7+ Kc7 36. Rd1 Kxc6 37. Rc1+ Kd7
38. Ne5+ Kd6 39. Nd3 Rb3 40. Ne1 Rc3 41. Ra1 g6 42. Ra6+ Rc6 43. Ra7 Rc7
44. Ra8 Rf7 45. f3 Nc7 46. Rh8 h5 47. h4 Rf4 48. g3 Rf6 49. Kg2 Nd5 50. Nd3
Ne3+ 51. Kf2 Ng4+ 52. Kg2 Ne5 53. Nf4 Nd7 54. Rg8 Nf8 55. Rg7 e5 56. Nd3
Ne6 57. Rg8 Nd4 58. Ne1 Kd5 59. g4 hxg4 60. fxg4 Ke4 61. h5 gxh5 62. gxh5
Rh6 63. Rg4+ Kf5 64. Rh4 Kg5 65. Re4 Kf5 66. Rh4 e4 67. Kg3 Ne2+ 68. Kf2
Nf4 69. Ke3 Nd5+ 70. Kd4 Nf6 71. Nc2 Rxh5 72. Ne3+ Kg5 73. Rxh5+ Kxh5 74.
Ke5 Kg5 75. Nc4 Kg6 76. Kf4 Kf7 77. Nd6+ Ke6 78. Nxe4 { Game drawn because
neither player has mating material } 1/2-1/2

[Event "ICC tourney 2161 (75 10)"]
[Site "Internet Chess Club"]
[Date "2020.11.29"]
[Round "9"]
[White "fhunfi"]
[Black "Niteshc"]
[Result "1/2-1/2"]
[ICCResult "Game drawn because neither player has mating material"]
[WhiteElo "1698"]
[BlackElo "1630"]
[Opening "Caro-Kann: two knights, 3...Bg4"]
[ECO "B10"]
[NIC "CK.01"]
[Time "18:35:42"]
[PlyCount "114"]
[TimeControl "4500+10"]


1. e4 c6 2. Nf3 d5 3. Nc3 Bg4 4. h3 Bxf3 5. Qxf3 dxe4 6. Qxe4 Nf6 7. Qh4 e6
8. g4 Bd6 9. g5 Nd5 10. Nxd5 cxd5 11. d4 Nc6 12. c3 Qb6 13. f4 O-O-O 14.
Qf2 f6 15. gxf6 gxf6 16. Be3 Qa5 17. Bd3 e5 18. O-O Rdg8+ 19. Kh1 Rg7 20.
a3 Rhg8 21. Rg1 Qc7 22. fxe5 fxe5 23. Bf5+ Kb8 24. Rxg7 Rxg7 25. Rg1 exd4
26. Rxg7 Qxg7 27. cxd4 Bg3 28. Qg1 Qc7 29. Bxh7 Qxh7 30. Qxg3+ Kc8 31. Qg4+
Kc7 32. Qg2 Qd3 33. Bf4+ Kb6 34. Be5 Nxd4 35. Bxd4+ Qxd4 36. Qg1 Kc5 37. h4
Kc4 38. Qxd4+ Kxd4 39. h5 Ke5 40. Kg2 Kf5 41. Kf3 Kg5 42. Ke3 Kxh5 43. Kd4
Kg5 44. Kxd5 Kf5 45. Kd6 Ke4 46. Kc7 b5 47. Kc6 b4 48. axb4 Kd3 49. Kb5 Kc2
50. Ka6 Kd3 51. b5 Kc4 52. Ka5 Kb3 53. Ka6 Kc4 54. b3+ Kb4 55. Kxa7 Kxb5
56. Kb7 Kb4 57. Kc6 Kxb3 { Game drawn because neither player has mating
material } 1/2-1/2

[Event "ICC tourney 2161 (75 10)"]
[Site "Internet Chess Club"]
[Date "2020.11.29"]
[Round "9"]
[White "ShanksGames"]
[Black "Mapking1"]
[Result "0-1"]
[ICCResult "White checkmated"]
[WhiteElo "1591"]
[BlackElo "1799"]
[Opening "Sicilian: Grand Prix attack"]
[ECO "B23"]
[NIC "SI.44"]
[Time "18:35:46"]
[PlyCount "62"]
[TimeControl "4500+10"]


1. e4 c5 2. Nc3 Nc6 3. f4 g6 4. Nf3 Bg7 5. Bb5 Nd4 6. O-O a6 7. Be2 e6 8.
e5 d5 9. exd6 Qxd6 10. Ne4 Qc7 11. c3 Nxe2+ 12. Qxe2 Ne7 13. Ne5 O-O 14.
Rf3 b5 15. Qf2 Bb7 16. Qe1 Nf5 17. Ng4 h5 18. Ngf2 Nh4 19. Rh3 Nxg2 20.
Kxg2 f5 21. d3 e5 22. Rh4 Bf6 23. Nh3 fxe4 24. dxe4 Bxh4 25. Qxh4 Bxe4+ 26.
Kg1 Qd8 27. Qg3 Qd1+ 28. Kf2 exf4 29. Nxf4 Rad8 30. Ke3 Rd3+ 31. Nxd3 Qxd3#
{ White checkmated } 0-1

[Event "ICC tourney 2161 (75 10)"]
[Site "Internet Chess Club"]
[Date "2020.11.29"]
[Round "9"]
[White "jackl514"]
[Black "Surajo"]
[Result "0-1"]
[ICCResult "White resigns"]
[WhiteElo "1585"]
[BlackElo "1771"]
[Opening "Ruy Lopez: Steinitz defense deferred (Russian defense)"]
[ECO "C79"]
[NIC "RL.12"]
[Time "18:35:40"]
[PlyCount "112"]
[TimeControl "4500+10"]


1. e4 e5 2. Nf3 Nc6 3. Bb5 a6 4. Ba4 Nf6 5. O-O d6 6. d4 b5 7. Bb3 Bg4 8.
d5 Nd4 9. Nbd2 Be7 10. Re1 O-O 11. c3 Nxb3 12. Nxb3 h6 13. Na5 Nh7 14. Nc6
Qd7 15. h3 Bh5 16. Nfxe5 dxe5 17. Qxh5 Bc5 18. Nxe5 Qd6 19. Bf4 g5 20. Bg3
Rae8 21. Ng4 Qxg3 22. Nxh6+ Kh8 23. Ng4 Qf4 24. e5 Qf5 25. Kh1 Qg6 26. Qxg6
fxg6 27. f3 Kg7 28. Rad1 Rf4 29. Rd3 Nf8 30. b4 Be7 31. g3 Rf5 32. Kg2 Nd7
33. d6 Bxd6 34. exd6 Rxe1 35. dxc7 Nb6 36. Rd6 Nc8 37. Rd8 Rf8 38. Nf6 Rxf6
39. Rxc8 Rc6 40. Kf2 Re7 41. f4 Rcxc7 42. Ra8 gxf4 43. gxf4 Re6 44. Kf3
Rxc3+ 45. Kg4 Ra3 46. Kg5 Re7 47. f5 gxf5 48. Kxf5 Rxa2 49. Kg5 Rg2+ 50.
Kf4 Rg6 51. h4 Rf6+ 52. Kg5 Rd6 53. h5 Re5+ 54. Kg4 Rd4+ 55. Kg3 Rxh5 56.
Rxa6 Rxb4 { White resigns } 0-1

[Event "ICC tourney 2161 (75 10)"]
[Site "Internet Chess Club"]
[Date "2020.11.29"]
[Round "9"]
[White "MikeWMason"]
[Black "AbleCompany"]
[Result "0-1"]
[ICCResult "White resigns"]
[WhiteElo "1762"]
[BlackElo "1568"]
[Opening "Sicilian: Najdorf, 7...Qb6"]
[ECO "B97"]
[NIC "SI.08"]
[Time "18:35:53"]
[PlyCount "72"]
[TimeControl "4500+10"]


1. e4 c5 2. Nf3 d6 3. d4 cxd4 4. Nxd4 Nf6 5. Nc3 a6 6. Bg5 e6 7. f4 Qb6 8.
Nb3 Nc6 9. Qd2 h6 10. Bh4 Be7 11. Bf2 Qc7 12. Be2 b5 13. Bf3 Bb7 14. O-O
O-O 15. g4 Rfd8 16. Qe2 d5 17. e5 Nd7 18. h4 Nb6 19. Rac1 Nc4 20. Nd1 d4
21. g5 hxg5 22. hxg5 g6 23. Kg2 N6xe5 24. Bxb7 Qxb7+ 25. Kg3 Nc6 26. Qf3
Qc7 27. Nxd4 Nxd4 28. Bxd4 Rac8 29. Qc3 Rxd4 30. Qxd4 Bxg5 31. Rh1 f6 32.
Qe4 Kg7 33. Nc3 f5 34. Qd4+ e5 35. Nd5 Bxf4+ 36. Nxf4 exd4 { White resigns
} 0-1

[Event "ICC tourney 2161 (75 10)"]
[Site "Internet Chess Club"]
[Date "2020.11.29"]
[Round "9"]
[White "Priccchess"]
[Black "Cooliguess"]
[Result "1-0"]
[ICCResult "Black resigns"]
[WhiteElo "1777"]
[BlackElo "1750"]
[Opening "Sicilian"]
[ECO "B56"]
[NIC "SI.25"]
[Time "18:35:44"]
[PlyCount "97"]
[TimeControl "4500+10"]


1. e4 c5 2. Nf3 d6 3. d4 cxd4 4. Nxd4 Nf6 5. Nc3 Nc6 6. Nxc6 bxc6 7. Be3
Ng4 8. Qf3 Nxe3 9. Qxe3 g6 10. Qd4 e5 11. Qc4 Bd7 12. O-O-O Be7 13. g3 Qb6
14. Qe2 O-O 15. f4 Be6 16. Bg2 Rab8 17. b3 Qb4 18. Qe3 a5 19. Nb1 Rfc8 20.
Rhf1 a4 21. f5 gxf5 22. exf5 Qg4 23. f6 Bf8 24. Kb2 axb3 25. axb3 c5 26. h3
Qb4 27. Nd2 c4 28. c3 Qc5 29. Qg5+ Kh8 30. Ra1 cxb3 31. Ne4 Qc4 32. Qe3 d5
33. Nd2 Qc7 34. Rfc1 Bc5 35. Qd3 d4 36. c4 Bb4 37. Ne4 Bf5 38. g4 Bxe4 39.
Bxe4 Bc3+ 40. Rxc3 dxc3+ 41. Qxc3 Qxc4 42. Qe3 Rd8 43. Ra5 Qb4 44. Rxe5
Rd2+ 45. Kb1 b2 46. Bc2 Rdd8 47. Qh6 Rd1+ 48. Bxd1 Qe4+ 49. Rxe4 { Black
resigns } 1-0

[Event "ICC tourney 2161 (75 10)"]
[Site "Internet Chess Club"]
[Date "2020.11.29"]
[Round "9"]
[White "Florina12345"]
[Black "Liopleuradon15"]
[Result "0-1"]
[ICCResult "White resigns"]
[WhiteElo "1330"]
[BlackElo "1474"]
[Opening "Scotch game"]
[ECO "C45"]
[NIC "SO.05"]
[Time "18:35:57"]
[PlyCount "182"]
[TimeControl "4500+10"]


1. e4 e5 2. Nf3 Nc6 3. d4 exd4 4. Nxd4 Bc5 5. Be3 Bb6 6. Bc4 Nf6 7. Nc3 O-O
8. O-O d6 9. Qd2 Ng4 10. h3 Nxe3 11. fxe3 Ne5 12. Bb3 Bd7 13. Nf3 Ng6 14.
Rad1 Qe7 15. Kh1 Rad8 16. Nd4 a6 17. Rde1 Bxd4 18. exd4 c6 19. Qd3 b5 20.
a3 a5 21. Rf2 Be6 22. d5 Ne5 23. Qg3 Bd7 24. dxc6 Bxc6 25. Bd5 Kh8 26. Bxc6
Nxc6 27. Nxb5 d5 28. Nc3 dxe4 29. Rxe4 Qb7 30. Ref4 Nd4 31. b3 Qe7 32. Kh2
f6 33. a4 Rfe8 34. Re4 Ne6 35. Rfe2 Qd7 36. Qe3 Nc7 37. Nd5 Rxe4 38. Qxe4
Nxd5 39. Rd2 Qc7+ 40. Kh1 Nb4 41. Rd4 Kg8 42. Rxd8+ Qxd8 43. Qc4+ Kf8 44.
Qc5+ Kg8 45. Qc4+ Kf8 46. Qc5+ Kf7 47. Qc4+ Qd5 48. Qc7+ Kg6 49. Qg3+ Qg5
50. Qe1 Qe5 51. Qd2 Qd5 52. Qe2 Qf5 53. c3 Nd3 54. Qe8+ Kh6 55. Qe3+ g5 56.
Qe7 Qf1+ 57. Kh2 Qf4+ 58. Kh1 Ne5 59. g4 Qf1+ 60. Kh2 Qf2+ 61. Kh1 Qe1+ 62.
Kg2 Qe2+ 63. Kh1 Qe1+ 64. Kg2 Qe4+ 65. Kg3 Qd3+ 66. Kf2 Qf3+ 67. Kg1 Qg3+
68. Kf1 Qxh3+ 69. Ke1 Qxc3+ 70. Kf1 Qf3+ 71. Ke1 Qh1+ 72. Kd2 Qd5+ 73. Ke2
Qd3+ 74. Ke1 Qc3+ 75. Ke2 Qc2+ 76. Kf1 Qd1+ 77. Kg2 Qxg4+ 78. Kf1 Qh3+ 79.
Kg1 Qe3+ 80. Kg2 Qe2+ 81. Kh1 Qf1+ 82. Kh2 Nf3+ 83. Kg3 Qe1+ 84. Qxe1 Nxe1
85. b4 axb4 86. a5 b3 87. a6 b2 88. a7 b1=Q 89. a8=Q Qd3+ 90. Kh2 Qe2+ 91.
Kg1 Nf3+ { White resigns } 0-1